SR
AMARILLO WARHEADS @ FRANKLIN FIRE
07/05/2041
 
TOP OF THE 1ST
Amarillo Warheads batting - Pitching for Franklin Fire : RHP Kwan-yew Khu
Pitching: RHP Kwan-yew Khu
Batting: RHB Bao-tian Tong 0-0: Swinging Strike
0-1: Foul Ball, location: 2F
0-2: Foul Ball, location: 2F
0-2: Ball
1-2: DOUBLE (Flyball, 8LXD, EV 103.8 MPH)
Batting: RHB Muralidhara Neena 0-0: Ball
1-0: Ball
2-0: Foul Ball, location: 2F
2-1: SINGLE (Flyball, 3D, EV 100.0 MPH)
Bao-tian Tong to third
Batting: SHB Mario Roldán 0-0: Ball
1-0: Ball
2-0: Called Strike
2-1: Foul Ball, location: 2F
2-2: Strikes out swinging
Batting: RHB Yataro Nagai 0-0: Ball
1-0: Called Strike
1-1: Ball
2-1: DOUBLE (Line Drive, 7LM, EV 105.6 MPH)
Bao-tian Tong scores
Muralidhara Neena to third
Batting: RHB Getoff Mylawn 0-0: Called Strike
0-1: Swinging Strike
0-2: Strikes out looking
Batting: LHB Michael Carlton 0-0: Ball
1-0: Foul Ball, location: 2F
1-1: Called Strike
1-2: Foul Ball, location: 2F
1-2: Strikes out swinging
Top of the 1st over - 1 run, 3 hits, 0 errors, 2 left on base; Amarillo 1 - Franklin 0
BOTTOM OF THE 1ST
Franklin Fire batting - Pitching for Amarillo Warheads : RHP Domingo Galló
Pitching: RHP Domingo Galló
Batting: LHB Felipe Tovar 0-0: Foul Ball, location: 2F
0-1: Foul Ball, location: 2F
0-2: Ball
1-2: SINGLE (Groundball, 4D, EV 99.4 MPH)
Batting: RHB Raúl Bermúdez 0-0: Ball
1-0: Foul Ball, location: 2F
1-1: Called Strike
1-2: Hit by Pitch
Felipe Tovar to second
Batting: SHB Christopher Tracy 0-0: Called Strike
0-1: Fly out, F9 (Flyball, 9LSF, EV 93.1 MPH)
Batting: LHB Jorge Leyva 0-0: Ball
1-0: Called Strike
1-1: SINGLE (Groundball, 3D, EV 104.4 MPH)
Felipe Tovar to third
Raúl Bermúdez to second
Runner from 3rd tries for Home, SAFE, throw by RF to home
Batting: RHB Jacob James 0-0: Grounds into double play, 5-4-3 (Groundball, 5, EV 80.6 MPH)
Bottom of the 1st over - 1 run, 2 hits, 0 errors, 1 left on base; Amarillo 1 - Franklin 1
TOP OF THE 2ND
Amarillo Warheads batting - Pitching for Franklin Fire : RHP Kwan-yew Khu
Batting: RHB Indergabriell Marifosque 0-0: Ball
1-0: Fly out, F9 (Flyball, 9LMF, EV 91.9 MPH)
Batting: RHB Ron Burnett 0-0: Fly out, F7 (Line Drive, 7D, EV 90.0 MPH)
Batting: RHB Anthony Bonham 0-0: Ball
1-0: Called Strike
1-1: Fly out, F8 (Flyball, 8LS, EV 84.4 MPH)
Top of the 2nd over - 0 runs, 0 hits, 0 errors, 0 left on base; Amarillo 1 - Franklin 1
BOTTOM OF THE 2ND
Franklin Fire batting - Pitching for Amarillo Warheads : RHP Domingo Galló
Batting: LHB Will Blalock 0-0: Foul Ball, location: 2F
0-1: Ball
1-1: Ball
2-1: Called Strike
2-2: Foul Ball, location: 2F
2-2: SINGLE (Line Drive, 6D, EV 101.9 MPH)
Batting: LHB Kenny Jones 0-0: Called Strike
0-1: Called Strike
Will Blalock steals 2nd base
0-2: Ground out 6-3 (Groundball, 6, EV 95.6 MPH)
Batting: LHB John Campbell 0-0: Ball
1-0: Ball
2-0: Foul Ball, location: 2F
2-1: Ball
3-1: Fly out, F5 (Popup, 5SF, EV 85.6 MPH)
Batting: RHB Richard Fowler 0-0: Foul Ball, location: 2F
0-1: Ball
1-1: Ground out 6-3 (Groundball, 6, EV 85.0 MPH)
Bottom of the 2nd over - 0 runs, 1 hit, 0 errors, 1 left on base; Amarillo 1 - Franklin 1
TOP OF THE 3RD
Amarillo Warheads batting - Pitching for Franklin Fire : RHP Kwan-yew Khu
Batting: RHB Bao-tian Tong 0-0: Swinging Strike
0-1: Ball
1-1: Called Strike
1-2: DOUBLE (Line Drive, 89XD, EV 105.6 MPH)
Batting: RHB Muralidhara Neena 0-0: Ball
1-0: Swinging Strike
1-1: SINGLE (Line Drive, 4M, EV 105.0 MPH)
Bao-tian Tong to third
Batting: SHB Mario Roldán 0-0: Foul Ball, location: 2F
0-1: DOUBLE (Line Drive, 78D, EV 102.5 MPH)
Bao-tian Tong scores
Muralidhara Neena to third
Batting: RHB Yataro Nagai 0-0: Called Strike
0-1: Swinging Strike
0-2: Strikes out swinging
Batting: RHB Getoff Mylawn 0-0: Swinging Strike
0-1: SINGLE (Line Drive, 8RS, EV 106.9 MPH)
Muralidhara Neena scores
Mario Roldán to third
Batting: LHB Michael Carlton 0-0: Ball
1-0: SINGLE (Line Drive, 34, EV 98.8 MPH)
Mario Roldán scores
Getoff Mylawn to second
Runner from 2nd tries for 3rd, SAFE, throw by RF made to third
Batting: RHB Indergabriell Marifosque 0-0: Ball
1-0: Called Strike
1-1: Called Strike
1-2: Ball
2-2: Ball
3-2: Foul Ball, location: 2F
3-2: Strikes out swinging
Batting: RHB Ron Burnett 0-0: Swinging Strike
0-1: Ball
1-1: Foul Ball, location: 2F
1-2: Foul Ball, location: 2F
1-2: Ball
2-2: Ball
3-2: 3-RUN HOME RUN (Flyball, 7D, EV 99.4 MPH), Distance : 358 ft
Batting: RHB Anthony Bonham 0-0: Ball
1-0: Ball
2-0: Ball
3-0: Ground out 6-3 (Groundball, 6, EV 86.9 MPH)
Top of the 3rd over - 6 runs, 6 hits, 0 errors, 0 left on base; Amarillo 7 - Franklin 1
BOTTOM OF THE 3RD
Franklin Fire batting - Pitching for Amarillo Warheads : RHP Domingo Galló
Batting: LHB Felipe Tovar 0-0: Ground out 6-3 (Groundball, 56, EV 108.8 MPH)
Batting: RHB Raúl Bermúdez 0-0: Foul Ball, location: 2F
0-1: Called Strike
0-2: Ball
1-2: Ball
2-2: Foul Ball, location: 2F
2-2: Fly out, F9 (Flyball, 89M, EV 83.8 MPH)
Batting: SHB Christopher Tracy 0-0: Ball
1-0: Ball
2-0: Ball
3-0: Called Strike
3-1: Base on Balls
Batting: LHB Jorge Leyva 0-0: Called Strike
0-1: Ball
1-1: Ball
2-1: Fly out, F8 (Flyball, 8LXD, EV 102.5 MPH)
Bottom of the 3rd over - 0 runs, 0 hits, 0 errors, 1 left on base; Amarillo 7 - Franklin 1
TOP OF THE 4TH
Amarillo Warheads batting - Pitching for Franklin Fire : RHP Kwan-yew Khu
Batting: RHB Bao-tian Tong 0-0: Ball
1-0: Ball
2-0: Ball
3-0: Called Strike
3-1: Swinging Strike
3-2: Strikes out swinging
Batting: RHB Muralidhara Neena 0-0: Ball
1-0: Foul Ball, location: 2F
1-1: Foul Ball, location: 2F
1-2: Strikes out swinging
Batting: SHB Mario Roldán 0-0: Ball
1-0: Swinging Strike
1-1: Ball
2-1: Ball
3-1: Ground out 3-1 (Groundball, 34, EV 78.8 MPH)
Top of the 4th over - 0 runs, 0 hits, 0 errors, 0 left on base; Amarillo 7 - Franklin 1
BOTTOM OF THE 4TH
Franklin Fire batting - Pitching for Amarillo Warheads : RHP Domingo Galló
Batting: RHB Jacob James 0-0: Foul Ball, location: 2F
0-1: DOUBLE (Line Drive, 78D, EV 101.9 MPH)
Batting: LHB Will Blalock 0-0: Foul Ball, location: 2F
0-1: Ball
1-1: SINGLE (Groundball, 6M, EV 91.9 MPH) (infield hit)
Jacob James to third
Batting: LHB Kenny Jones 0-0: Foul Ball, location: 2F
0-1: Ball
Will Blalock steals 2nd base (no throw)
1-1: Foul Ball, location: 2F
1-2: Ball
2-2: Ball
3-2: Strikes out swinging
Batting: LHB John Campbell 0-0: Swinging Strike
0-1: Ball
1-1: Swinging Strike
1-2: Strikes out swinging
Batting: RHB Richard Fowler 0-0: Ball
1-0: Ground out 5-3 (Groundball, 56, EV 106.9 MPH)
Bottom of the 4th over - 0 runs, 2 hits, 0 errors, 2 left on base; Amarillo 7 - Franklin 1
TOP OF THE 5TH
Amarillo Warheads batting - Pitching for Franklin Fire : RHP Kwan-yew Khu
Batting: RHB Yataro Nagai 0-0: Ball
1-0: Foul Ball, location: 2F
1-1: Ball
2-1: Called Strike
2-2: Foul Ball, location: 2F
2-2: Foul Ball, location: 2F
2-2: Ball
3-2: Strikes out swinging
Batting: RHB Getoff Mylawn 0-0: Ball
1-0: Ball
2-0: Ground out 5-3 (Groundball, 56S, EV 66.2 MPH)
Batting: LHB Michael Carlton 0-0: Ball
1-0: Ball
2-0: Called Strike
2-1: Ground out U3 (Groundball, 34, EV 88.1 MPH)
Top of the 5th over - 0 runs, 0 hits, 0 errors, 0 left on base; Amarillo 7 - Franklin 1
BOTTOM OF THE 5TH
Franklin Fire batting - Pitching for Amarillo Warheads : RHP Domingo Galló
Batting: LHB Felipe Tovar 0-0: Called Strike
0-1: Ball
1-1: Ball
2-1: Foul Ball, location: 2F
2-2: SINGLE (Line Drive, 56D, EV 94.4 MPH)
Batting: RHB Raúl Bermúdez 0-0: Ball
1-0: Foul Ball, location: 2F
1-1: Ball
2-1: Foul Ball, location: 2F
2-2: Ball
3-2: Fly out, F9 (Flyball, 9LS, EV 91.2 MPH)
Batting: SHB Christopher Tracy 0-0: Called Strike
Felipe Tovar is caught stealing 2nd base 2-6
0-1: SINGLE (Line Drive, 9S, EV 105.6 MPH)
Batting: LHB Jorge Leyva 0-0: Ball
1-0: Ball
2-0: Ball
3-0: Called Strike
3-1: Base on Balls
Christopher Tracy to second
Batting: RHB Jacob James 0-0: Foul Ball, location: 2F
0-1: Swinging Strike
0-2: Ball
1-2: Strikes out swinging
Bottom of the 5th over - 0 runs, 2 hits, 0 errors, 2 left on base; Amarillo 7 - Franklin 1
TOP OF THE 6TH
Amarillo Warheads batting - Pitching for Franklin Fire : RHP Kwan-yew Khu
Batting: RHB Indergabriell Marifosque 0-0: Ball
1-0: Foul Ball, location: 2F
1-1: Called Strike
1-2: Strikes out swinging
Batting: RHB Ron Burnett 0-0: Ball
1-0: Ground out 5-3 (Groundball, 56, EV 103.1 MPH)
Batting: RHB Anthony Bonham 0-0: Ball
1-0: Swinging Strike
1-1: Called Strike
1-2: Ball
2-2: Ball
3-2: Strikes out swinging
Top of the 6th over - 0 runs, 0 hits, 0 errors, 0 left on base; Amarillo 7 - Franklin 1
BOTTOM OF THE 6TH
Franklin Fire batting - Pitching for Amarillo Warheads : RHP Domingo Galló
Batting: LHB Will Blalock 0-0: Foul Ball, location: 2F
0-1: Ball
1-1: Fly out, F5 (Popup, 5SF, EV 84.4 MPH)
Batting: LHB Kenny Jones 0-0: Ground out 5-3 (Groundball, 56, EV 101.2 MPH)
Batting: LHB John Campbell 0-0: Called Strike
0-1: Foul Ball, location: 2F
0-2: Ground out 6-3 (Groundball, 6, EV 85.0 MPH)
Bottom of the 6th over - 0 runs, 0 hits, 0 errors, 0 left on base; Amarillo 7 - Franklin 1
TOP OF THE 7TH
Amarillo Warheads batting - Pitching for Franklin Fire : RHP Kwan-yew Khu
Pitching: RHP Jun-soo P'il
Batting: RHB Bao-tian Tong 0-0: Swinging Strike
0-1: Fly out, F8 (Line Drive, 8RM, EV 89.4 MPH)
Batting: RHB Muralidhara Neena 0-0: Fly out, F8 (Flyball, 8RS, EV 95.0 MPH)
Batting: SHB Mario Roldán 0-0: Foul Ball, location: 2F
0-1: Ball
1-1: Swinging Strike
1-2: Strikes out swinging
Top of the 7th over - 0 runs, 0 hits, 0 errors, 0 left on base; Amarillo 7 - Franklin 1
BOTTOM OF THE 7TH
Franklin Fire batting - Pitching for Amarillo Warheads : RHP Domingo Galló
Batting: RHB Richard Fowler 0-0: Fly out, F5 (Line Drive, 5, EV 68.8 MPH)
Batting: LHB Felipe Tovar 0-0: Called Strike
0-1: Fly out, F9 (Flyball, 89S, EV 81.9 MPH)
Batting: RHB Raúl Bermúdez 0-0: Ball
1-0: Ball
2-0: Called Strike
2-1: Ball
3-1: Foul Ball, location: 2F
3-2: SINGLE (Groundball, 6D, EV 103.8 MPH)
Batting: SHB Christopher Tracy 0-0: Foul Ball, location: 2F
0-1: Fly out, F8 (Flyball, 78XD, EV 104.4 MPH)
Bottom of the 7th over - 0 runs, 1 hit, 0 errors, 1 left on base; Amarillo 7 - Franklin 1
TOP OF THE 8TH
Amarillo Warheads batting - Pitching for Franklin Fire : RHP Jun-soo P'il
Batting: RHB Yataro Nagai 0-0: Ball
1-0: DOUBLE (Line Drive, 78D, EV 111.9 MPH)
Batting: RHB Getoff Mylawn 0-0: Ball
1-0: Called Strike
1-1: Called Strike
1-2: Ball
2-2: Foul Ball, location: 2F
2-2: Ball
3-2: Base on Balls
Batting: LHB Michael Carlton 0-0: Ball
1-0: 3-RUN HOME RUN (Flyball, 89XD, EV 98.8 MPH), Distance : 365 ft
Batting: RHB Indergabriell Marifosque 0-0: Swinging Strike
0-1: Foul Ball, location: 2F
0-2: Ball
1-2: Foul Ball, location: 2F
1-2: Foul Ball, location: 2F
1-2: Strikes out swinging
Batting: RHB Ron Burnett 0-0: Foul Ball, location: 2F
0-1: Ball
1-1: Ground out 3-1 (Groundball, 34, EV 85.6 MPH)
Batting: RHB Anthony Bonham 0-0: Foul Ball, location: 2F
0-1: Foul Ball, location: 2F
0-2: Ball
1-2: Strikes out swinging
Top of the 8th over - 3 runs, 2 hits, 0 errors, 0 left on base; Amarillo 10 - Franklin 1
BOTTOM OF THE 8TH
Franklin Fire batting - Pitching for Amarillo Warheads : RHP Domingo Galló
Batting: LHB Jorge Leyva 0-0: Swinging Strike
0-1: Swinging Strike
0-2: Ball
1-2: Strikes out looking
Pinch Hitting: LHB Gabriel Serrano 0-0: Called Strike
0-1: SINGLE (Groundball, 56D, EV 94.4 MPH)
Pitching: RHP Tom Stewart
Pinch Hitting: RHB Huibert Schipper 0-0: Called Strike
0-1: Foul Ball, location: 2F
0-2: Foul Ball, location: 2F
0-2: Foul Ball, location: 2F
0-2: Ball
1-2: Grounds into double play, 6-4-3 (Groundball, 6M, EV 82.5 MPH)
Bottom of the 8th over - 0 runs, 1 hit, 0 errors, 0 left on base; Amarillo 10 - Franklin 1
TOP OF THE 9TH
Amarillo Warheads batting - Pitching for Franklin Fire : RHP Jun-soo P'il
Now in CF: Wu-ji Shang
Now in RF: Gabriel Serrano
Batting: RHB Bao-tian Tong 0-0: Ball
1-0: Foul Ball, location: 2F
1-1: Foul Ball, location: 2F
1-2: Ball
2-2: Foul Ball, location: 2F
2-2: Strikes out swinging
Batting: RHB Muralidhara Neena 0-0: Called Strike
0-1: Ground out 6-3 (Groundball, 6, EV 107.5 MPH)
Pitching: RHP Adrian Madrid
Batting: SHB Mario Roldán 0-0: Ball
1-0: Foul Ball, location: 2F
1-1: Swinging Strike
1-2: Ground out U3 (Groundball, 34, EV 78.8 MPH)
Top of the 9th over - 0 runs, 0 hits, 0 errors, 0 left on base; Amarillo 10 - Franklin 1
BOTTOM OF THE 9TH
Franklin Fire batting - Pitching for Amarillo Warheads : RHP Tom Stewart
Batting: LHB Kenny Jones 0-0: Called Strike
0-1: Ball
1-1: Ball
2-1: Ball
3-1: Called Strike
3-2: Strikes out looking
Batting: LHB John Campbell 0-0: Swinging Strike
0-1: Fly out, F8 (Flyball, 89XD, EV 89.4 MPH)
Batting: RHB Richard Fowler 0-0: Ground out 4-3 (Groundball, 4, EV 90.0 MPH)
Bottom of the 9th over - 0 runs, 0 hits, 0 errors, 0 left on base; Amarillo 10 - Franklin 1
Tuesday, January 5th, 2021 - OOTP Baseball 20.8 Build 74